 Dungeon Crawl Stone Soup version 0.18-a0-1805-g8ab820f (webtiles) character file.

42 warlockg3 the Ruffian (level 3, -1/28 HPs)
             Began as a Draconian Transmuter on Apr 26, 2016.
             Slain by Natasha (9 damage)
             ... on level 2 of the Dungeon.
             The game lasted 00:04:39 (1346 turns).

warlockg3 the Ruffian (Draconian Transmuter)        Turns: 1346, Time: 00:04:40

Health: -1/28      AC:  6    Str: 13    XL:     3   Next: 33%
Magic:  2/6        EV: 12    Int: 13    God:
Gold:   158        SH:  0    Dex: 11    Spells: 2 memorised, 3 levels left

rFire  . . .     SeeInvis .     k - +0 spear
rCold  . . .     Gourm    .     (armour unavailable)
rNeg   . . .     Faith    .     (no shield)
rPois  .         Spirit   .     (helmet restricted)
rElec  .         Dismiss  .     (no cloak)
rCorr  .         Reflect  .     (no gloves)
SustAt .         Harm     .     f - +0 pair of boots (curse)
MR     .....                    (no amulet)
Stlth  +.........               (no ring)
                                (no ring)

@: lethally poisoned (-1 -> -10), slowed, very slow, not resistant to hostile
enchantments, very unstealthy
A: unfitting armour, cold-blooded, AC +5
a: no special abilities


You were on level 2 of the Dungeon.
You were hungry.

You visited 1 branch of the dungeon, and saw 2 of its levels.

You collected 158 gold pieces.

Inventory:

Hand Weapons
 j - a +0 dagger
 k - a +0 spear (weapon)
 q - a +0 club
Missiles
 a - 31 arrows
Armour
 f - a cursed +0 pair of boots (worn)
 n - a +0 buckler
Wands
 m - a wand of disintegration (6/24)
Scrolls
 g - a scroll of amnesia {unknown}
 h - 4 scrolls of identify {unknown}
 i - a scroll of immolation {unknown}
Potions
 e - 2 potions of curing {unknown}
 l - a potion of haste {unknown}
 p - a potion of ambrosia {unknown}
Books
 b - a book of Changes

   Spells                             Type                      Level
   a - Beastly Appendage              Transmutation                1
   b - Sticks to Snakes               Transmutation                2
   c - Spider Form                    Transmutation/Poison         3
   d - Ice Form                       Ice/Transmutation            4
   e - Blade Hands                    Transmutation                5
Comestibles
 c - 2 bread rations
 o - a meat ration


   Skills:
 + Level 1.2 Fighting
 * Level 1.1 Polearms
 + Level 2.2 Dodging
 + Level 3.4 Unarmed Combat
 + Level 2.2 Spellcasting
 + Level 2.2 Transmutations


You had 3 spell levels left.
You knew the following spells:

 Your Spells              Type           Power        Failure   Level  Hunger
a - Beastly Appendage     Trmt           #.....       12%         1    ##.....
b - Sticks to Snakes      Trmt           #.......     17%         2    ###....


Dungeon Overview and Level Annotations

Branches:
Dungeon (2/15)

Altars:

Annotations:
D:2 Natasha


Innate Abilities, Weirdness & Mutations

Your plain brown scales are hard (AC +5).
Your body does not fit into most forms of armour.
You are cold-blooded and may be slowed by cold attacks.


Message History

The adder bites you but does no damage. x2
Natasha claws you but does no damage. The adder bites you.
You closely miss the adder. You tail-slap the adder.
The adder is heavily wounded.
The adder bites you.
You are poisoned.
The adder poisons you! Natasha claws you but does no damage.
The adder misses you.
You barely miss the adder.
The adder is heavily wounded.
You feel sick. The adder bites you.
You are more poisoned.
The adder poisons you! Natasha claws you. The adder misses you.
Natasha claws you. The adder barely misses you.
You miss the adder. You tail-slap the adder.
The adder is severely wounded.
* * * LOW HITPOINT WARNING * * *
You feel sick. Natasha claws you!
You die...

.............)...#
###....#......#### ...#
#..########....###...
##...## ###.......># #
...#..### #......#...##.#
#.###...# #...........#.###
..#####.###.....#.........#
...####..##......h.#.....$.
.#.[....).......@S5........
....#...#.#.....##.........
#######.....##..##[..=.....
###....#..###.).......
....<.......†..........
##########............. #.
.$......#####....... ..
######### #.....# ## ######


You could see Natasha, an adder and a white imp.

Vanquished Creatures
  An adder (D:2)
  A dart slug (D:1)
  2 giant cockroaches
  7 goblins
  2 hobgoblins
  5 bats
  5 giant newts (D:2)
  3 kobolds
  4 rats (D:1)
30 creatures vanquished.

Vanquished Creatures (collateral kills)
  A goblin (D:2)
1 creature vanquished.

Grand Total: 31 creatures vanquished

Notes
Turn   | Place    | Note
--------------------------------------------------------------
     0 | D:1      | warlockg3 the Draconian Transmuter began the quest for the Orb.
     0 | D:1      | Reached XP level 1. HP: 16/16 MP: 3/3
   202 | D:1      | Reached XP level 2. HP: 21/23 MP: 5/5
   291 | D:1      | Learned a level 2 spell: Sticks to Snakes
   587 | D:1      | You fall through a shaft!
  1046 | D:2      | Reached XP level 3. HP: 28/28 MP: 6/6
  1065 | D:2      | Reached skill level 1 in Polearms
  1326 | D:2      | Noticed Natasha
  1346 | D:2      | Slain by Natasha

Vault maps used:
D:1:      lightli_arrival_statuegarden
D:2:      uniq_natasha

Skill      XL: |  1  2  3 |
---------------+----------+-----
Dodging        | 2 |  2.2
Polearms       | 1 |  1.1
Fighting       | |  1.2
Unarmed Combat | |  3.4
Spellcasting   | |  2.2
Transmutations | |  2.2

Action                   || total
-------------------------++-------
Melee: Unarmed           ||    48
       Tailslap          ||    13
       Spear             ||    83
       Punch             ||     2
 Cast: Beastly Appendage ||     2
       Sticks to Snakes  ||     4
  Use: Potion            ||     1
  Eat: Chunk             ||     1
Armor: Skin              ||    50
Dodge: Dodged            ||   102
